 Dungeon Crawl Stone Soup version 0.24.1-14-gf8d2b509d9 (webtiles) character file.

Game seed: 18128918977040469295, levelgen mode: deterministic

779 lepoulpe303 the Stinger (level 7, -5/45 HPs)
             Began as an Octopode Venom Mage on May 26, 2020.
             Slain by an ice beast (7 damage)
             ... on level 4 of the Dungeon.
             The game lasted 00:16:48 (5787 turns).

lepoulpe303 the Stinger (Octopode Venom Mage)       Turns: 5787, Time: 00:16:48

Health: -5/45      AC:  1    Str:  7    XL:     7   Next: 85%
Magic:  12/12      EV: 14    Int: 20    God:
Gold:   124        SH:  0    Dex: 12    Spells: 3/13 levels left

rFire    . . .     SeeInvis .   d - +0 dagger
rCold    . . .     Gourm    .   (no shield)
rNeg     . . .     Faith    .   (helmet restricted)
rPois    +         Spirit   .   (no amulet)
rElec    .         Reflect  .   m - ring of protection from magic
rCorr    .         Harm     .   P - ring of poison resistance
MR       +....                  (no ring)
Stlth    ++++......             (no ring)
HPRegen  0.15/turn              (no ring)
MPRegen  0.13/turn              (no ring)
                                (no ring)
                                (no ring)

@: no status effects
A: almost no armour, stealthy swim, amphibious, 8 rings, constrict 8, camouflage
1, gelatinous body 1
a: no special abilities


You were on level 4 of the Dungeon.
You were not hungry.

You visited 1 branch of the dungeon, and saw 5 of its levels.

You collected 124 gold pieces.

Inventory:

Hand Weapons
 d - a +0 dagger (weapon)
Missiles
 a - 35 poisoned darts (quivered)
Jewellery
 m - a ring of protection from magic (left tentacle)
 P - a ring of poison resistance (right tentacle)
Scrolls
 c - 3 scrolls of teleportation {unknown}
 h - 5 scrolls of remove curse {unknown}
 i - 4 scrolls of identify
 j - 3 scrolls of magic mapping {unknown}
 n - 5 scrolls of enchant armour {unknown}
 q - a scroll of fear {unknown}
Potions
 b - a potion of berserk rage {unknown}
 f - a potion of might {unknown}
 g - a potion of cancellation {unknown}
 k - a potion of agility
 l - a potion of lignification {!q}
 p - 2 potions of mutation {unknown}
Comestibles
 e - 5 rations


   Skills:
 + Level 2.1 Fighting
 + Level 2.3 Short Blades
 + Level 3.2 Dodging
 + Level 4.6 Stealth
 * Level 3.9 Spellcasting
 * Level 3.8 Conjurations
 * Level 5.8 Poison Magic


You had 3 spell levels left.
You knew the following spells:

 Your Spells              Type           Power        Failure   Level  Hunger
a - Sting                 Conj/Pois      ###.         1%          1    None
b - Poisonous Vapours     Pois/Air       ###...       6%          2    ##.....
c - Olgreb's Toxic Radia  Pois           ####....     12%         4    ####...
x - Mephitic Cloud        Conj/Pois/Air  ###.....     11%         3    ###....

Your spell library contained the following spells:

 Spells                   Type           Power        Failure   Level  Hunger
 Animate Skeleton         Necr           N/A          13%         1    None
 Pain                     Necr           #...         13%         1    None
 Regeneration             Chrm/Necr      #.........   36%         3    ###....
 Vampiric Draining        Necr           #.........   36%         3    ###....
 Venom Bolt               Conj/Pois      ###.......   45%         5    ######.
 Animate Dead             Necr           N/A          78%         4    ####...


Dungeon Overview and Level Annotations

Branches:
Dungeon (5/15)
 Temple: D:4-7

Altars:
Elyvilon
Gozag
Okawaru
Sif Muna
Zin

Shops:
D:4 %   D:5 ?%

Annotations:
D:4 1 runed translucent door, Sedillia's ghost, amateur NaFi
D:5 Grinder


Innate Abilities, Weirdness & Mutations

You cannot wear most types of armour.
You are very stealthy in the water. (Stealth+)
You are amphibious.
You can wear up to eight rings at the same time.
You can use your tentacles to constrict eight enemies at once.
Your skin changes colour to match your surroundings (Stealth+).
Your rubbery body absorbs attacks. (AC +1, EV +1)


Message History

The phantom barely misses you. The phantom misses you.
You hit the phantom.
The phantom blinks!
The phantom hits you.
* * * LOW HITPOINT WARNING * * *
You take 6 damage, and have 13/45 hp.
The phantom misses you.
The phantom blinks! x2
The phantom hits you!
* * * LOW HITPOINT WARNING * * *
You take 9 damage, and have 5/45 hp.
The phantom blinks!
There is a stone staircase leading up here.
You climb upwards.
Level annotation: 1 runed translucent door, Sedillia's ghost, amateur NaFi The ice beast hits you.
* * * LOW HITPOINT WARNING * * *
The ice beast freezes you!
You die...

...............##.# #......
..#.............#.# #....##
.........###.#.##.# #....+S
..................# #....##
.........####..#### ###...#
.................# ######..##
#.............##.##### #....##.#.
#....####.....##.....# #....#.#.#
..[.).)[).....##@....# #....+#.#.
#########)....##.Y...# #....#.#.#
...# #.....##.....# #....##.#.
...# ##.)...##.....###....#.#.#
...# #.......#.####..>.#####.#.
...# #.......#....#.......#.#.#
...#####.......#.#..#...###.##^#.
.......#.......#.#..#...# #.#.#.#
....##8#.........#..##'## #..#.#.


You could see an ice beast.

Levels and vault maps discovered:
D:1:      lemuel_arrival_room, layout_basic
D:2:      layout_loops_corners, overflow_temple_1_default, uniq_jessica
D:3:      layout_basic, grunt_gozag_statues, uniq_natasha
D:4:      layout_basic, kennysheep_mini, ebering_ghost_sewer_d, serial_shops,
          nicolae_shop_statue_plus, minivault_23, minmay_misc_feat_nine_boxes
D:5:      layout_cave_pools, zin_statuary, elyvilon_altar_5, first_ration,
          serial_shops, nicolae_shop_crystal, shop, uniq_grinder

Notes
Turn   | Place    | Note
-------+----------+-------------------------------------------
     0 | D:1      | lepoulpe303 the Octopode Venom Mage began the quest for the
                  | Orb.
     0 | D:1      | Reached XP level 1. HP: 11/11 MP: 3/3
   191 | D:1      | Identified a +0 club
   334 | D:1      | Identified a +0 dagger
   474 | D:1      | Reached XP level 2. HP: 17/17 MP: 3/5
   571 | D:1      | Learned a level 2 spell: Poisonous Vapours
   728 | D:1      | Identified a +0 club
   881 | D:1      | Identified a cursed -1 club
   883 | D:1      | Identified a +0 whip
   897 | D:1      | Reached skill level 3 in Stealth
  1050 | D:1      | Identified a cursed -1 club
  1101 | D:1      | Identified a +0 club
  1107 | D:1      | Reached XP level 3. HP: 19/21 MP: 6/6
  1112 | D:1      | Learned a level 3 spell: Mephitic Cloud
  1183 | D:1      | Reached skill level 4 in Poison Magic
  1452 | D:2      | Found a shimmering blue altar of Sif Muna.
  1463 | D:2      | lepoulpe303: !whichgod opvm
  1463 | D:2      | meem: 40 recent wins for opvm: 13x Vehumet, 9x Gozag, 3x
                  | Okawaru, 3x Ru, 2x Kikubaaqudgha, 2x Sif Muna, 2x Makhleb,
                  | 2x Nemelex Xobeh, 2x Hepliaklqana, Cheibriados, Yredelemnul
  1743 | D:2      | Identified a +0 dagger
  1818 | D:2      | HP: 3/22 [hobgoblin (4)]
  1819 | D:2      | Reached skill level 2 in Conjurations
  1819 | D:2      | Reached XP level 4. HP: 4/27 MP: 3/7
  2306 | D:2      | Identified a +0 dagger
  2306 | D:2      | Identified a +0 robe
  2306 | D:2      | Noticed Jessica
  2313 | D:2      | Killed Jessica
  2615 | D:3      | Found an opulent altar of Gozag.
  2629 | D:3      | Identified a +0 club
  2652 | D:3      | Identified a +0 hand axe
  2699 | D:3      | Noticed Natasha
  2716 | D:3      | Killed Natasha
  2716 | D:3      | Reached skill level 1 in Fighting
  2716 | D:3      | Reached skill level 1 in Short Blades
  2716 | D:3      | Reached XP level 5. HP: 20/33 MP: 3/9
  2950 | D:3      | Identified a +0 giant club
  2950 | D:3      | Noticed an ogre
  2969 | D:3      | Killed an ogre
  2969 | D:3      | Reached skill level 3 in Spellcasting
  2969 | D:3      | Reached XP level 6. HP: 38/38 MP: 6/10
  2975 | D:3      | Learned a level 4 spell: Olgreb's Toxic Radiance
  3389 | D:3      | Noticed Natasha
  3401 | D:3      | Killed Natasha
  3863 | D:4      | Found Oxexas's Food Shop.
  3927 | D:4      | Identified a +0 hand axe
  3929 | D:4      | Identified a +0 dagger
  3929 | D:4      | Identified a +0 ring mail
  3929 | D:4      | Identified a +0 flail
  3939 | D:4      | Reached skill level 4 in Stealth
  3939 | D:4      | Reached skill level 3 in Conjurations
  3939 | D:4      | Reached skill level 5 in Poison Magic
  3941 | D:4      | Identified a +0 trident
  3945 | D:4      | Identified a +0 dagger
  3945 | D:4      | Identified a +0 robe
  3986 | D:4      | Identified a +3 whip of flaming
  4084 | D:4      | Identified a +0 hand axe
  4087 | D:4      | Identified a +0 hand axe
  4175 | D:4      | Found an iron altar of Okawaru.
  4206 | D:4      | Identified 6 scrolls of identify
  4206 | D:4      | Identified a ring of protection from magic (You found it on
                  | level 3 of the Dungeon)
  4208 | D:4      | Identified a potion of lignification
  4209 | D:4      | Identified a ring of poison resistance (You found it on
                  | level 2 of the Dungeon)
  4311 | D:4      | Identified a +0 giant spiked club
  4325 | D:4      | Reached XP level 7. HP: 44/44 MP: 8/12
  4376 | D:4      | Found a runed translucent door.
  4384 | D:4      | Noticed Sedillia's ghost (amateur NaFi)
  4386 | D:4      | Reached skill level 2 in Short Blades
  4551 | D:5      | Entered Level 5 of the Dungeon
  4560 | D:5      | Noticed Grinder
  4588 | D:5      | Identified a +1 shortbow of freezing
  4856 | D:5      | Reached skill level 3 in Dodging
  4869 | D:5      | Found a white marble altar of Elyvilon.
  5159 | D:5      | Reached skill level 2 in Fighting
  5160 | D:5      | Found Girpharesh's Food Boutique.
  5163 | D:5      | Identified a +0 club
  5166 | D:5      | Found Geomy's Magic Scroll Boutique.
  5168 | D:5      | Identified a +0 spear
  5168 | D:5      | Identified a +0 flail
  5743 | D:5      | Found a glowing silver altar of Zin.
  5780 | D:5      | HP: 5/45 [phantom (9)]
  5787 | D:4      | HP: 2/45 [ice beast (4)]
  5787 | D:4      | Slain by an ice beast

Table legend:
 A = Turns spent in this place as a percentage of turns spent in the entire game.
 B = Non-inter-level travel turns spent in this place as a percentage of non-inter-level travel turns spent in the entire game.
 C = Inter-level travel turns spent in this place as a percentage of turns spent in this place.
 D = Turns resting spent in this place as a percentage of non-inter-level travel turns spent in this place.
 E = Turns spent auto-exploring this place as a percentage of non-inter-level travel turns spent in this place.
 F = Non-inter-level travel turns spent in this place divided by the number of levels of this place that you've seen.
                   A       B       C       D       E      F
               +-------+-------+-------+-------+-------+----------------------
         Total | 100.0 | 100.0 |   3.7 |  33.6 |  47.3 | 1114.4
       Dungeon | 100.0 | 100.0 |   3.7 |  33.6 |  47.3 | 1114.4
               +-------+-------+-------+-------+-------+----------------------

Table legend:
 A = Kills in this place as a percentage of kills in entire the game.
 B = Kills by you in this place as a percentage of kills by you in the entire game.
 C = Kills by friends in this place as a percentage of kills by friends in the entire game.
 D = Other kills in this place as a percentage of other kills in the entire game.
 E = Experience gained in this place as a percentage of experience gained in the entire game.
 F = Experience gained in this place divided by the number of levels of this place that you have seen.
                   A       B       C       D       E      F
               +-------+-------+-------+-------+-------+----------------------
         Total | 100.0 | 100.0 |   N/A |   N/A | 100.0 | 222.8
       Dungeon | 100.0 | 100.0 |   N/A |   N/A | 100.0 | 222.8
               +-------+-------+-------+-------+-------+----------------------

Skill      XL: |  1  2  3  4  5  6  7 |
---------------+----------------------+-----
Stealth        | 3 4 |  4.6
Poison Magic   | 4 5 |  5.8
Conjurations   | 2 3 |  3.8
Fighting       | 1 2 |  2.1
Short Blades   | 1 2 |  2.3
Spellcasting   | 3 |  3.9
Dodging        | 3 |  3.2

Action                   |  1- 3 |  4- 6 |  7- 9 || total
-------------------------+-------+-------+-------++-------
Melee: Unarmed           |    16 |       |       ||    16
       Constrict         |    15 |    15 |     6 ||    36
       Dagger            |    50 |    52 |    67 ||   169
       Tentacles         |    10 |    11 |    12 ||    33
Throw: Dart              |    18 |     7 |     1 ||    26
 Cast: Sting             |    15 |    41 |    13 ||    69
       Olgreb's Toxic Ra |       |     1 |     1 ||     2
  Use: Scroll            |       |     3 |       ||     3
 Stab: Sleeping          |     8 |     6 |     3 ||    17
  Eat: Chunk             |     3 |     4 |     2 ||     9
       Ration            |       |     1 |     1 ||     2
Armor: Skin              |       |     3 |     1 ||     4
Dodge: Dodged            |    38 |    33 |    39 ||   110

Vanquished Creatures
  2 ogres
  A centaur (D:5)
  A bullfrog (D:5)
  A scorpion (D:5)
  A crimson imp (D:5)
  An orc priest (D:4)
  An orc wizard (D:4)
  Jessica (D:2)
  Natasha (twice) (D:3)
  3 worker ants
  4 gnolls
  A howler monkey skeleton (D:4)
  7 adders
  An ooze (D:1)
  A dart slug (D:3)
  A leopard gecko (D:5)
  9 orcs
  3 giant cockroaches
  7 goblins
  6 hobgoblins
  3 jackals (D:1)
  2 kobolds (D:1)
  2 quokkas
  A ball python (D:4)
  4 bats
  4 frilled lizards
  A leopard gecko zombie (D:5)
  5 rats
76 creatures vanquished.
